 Dungeon Crawl Stone Soup version 0.29-a0-22-gbf593b16ee (webtiles) character file.

Game seed: 15112021534689235580

739 bande the Chopper (level 7, -1/44 HPs)
             Began as a Gargoyle Fighter on Jan 30, 2022.
             Slain by Pikel (9 damage)
             ... on level 4 of the Dungeon.
             The game lasted 00:08:01 (4744 turns).

bande the Chopper (Gargoyle Fighter)                Turns: 4744, Time: 00:08:01

Health: -1/44      AC: 15    Str: 19    XL:     7   Next: 75%
Magic:  7/7        EV:  9    Int:  9    God:
Gold:   228        SH:  8    Dex: 11    Spells: 6/6 levels left

rFire   . . .      SeeInvis .   a - +1 war axe
rCold   . . .      Faith    .   p - +0 kite shield
rNeg    + . .      Spirit   .   h - +0 chain mail
rPois   ∞          Reflect  .   f - +0 helmet
rElec   +          Harm     .   (no cloak)
rCorr   +          Rampage  .   (no gloves)
Will    .....                   (no boots)
Stlth   ..........              (no amulet)
HPRegen 0.14/turn               g - +4 ring of evasion
MPRegen 0.10/turn               l - ring of resist corrosion

@: no status effects
A: sickness immunity, AC +4, negative energy resistance 1, electricity
resistance, torment resistance 1, petrification resistance
a: no special abilities


You were on level 4 of the Dungeon.
You visited 1 branch of the dungeon, and saw 4 of its levels.

You collected 228 gold pieces.

Inventory:

Hand Weapons
 a - a +1 war axe (weapon)
 n - a +2 flail of holy wrath
 r - a +0 war axe
Missiles
 i - 3 boomerangs of dispersal (quivered)
Armour
 f - a +0 helmet (worn)
 h - a +0 chain mail (worn)
 p - a +0 kite shield (worn)
Jewellery
 g - a +4 ring of evasion (left hand)
 l - a ring of resist corrosion (right hand)
Wands
 o - a wand of flame (16)
Scrolls
 j - a scroll of enchant weapon
Potions
 c - a potion of flight {unknown}
 d - 3 potions of might
 e - 2 potions of brilliance
 k - a potion of lignification {unknown}
 m - 2 potions of resistance


   Skills:
 + Level 4.9 Fighting
 + Level 5.7 Axes
 + Level 4.8 Armour
 + Level 4.7 Shields


You had 6 spell levels left.
You didn't know any spells.
Your spell library contained the following spells:

 Spells                   Type           Power      Damage    Failure   Level
 Foxfire                  Conj/Fire      0%         2x1d4     100%        1
 Conjure Flame            Conj/Fire      0%         6-21      100%        3
 Inner Flame              Hex/Fire       0%         N/A       100%        3
 Flame Wave               Conj/Fire      0%         2d4       100%        4


Dungeon Overview and Level Annotations

Branches:
Dungeon (4/15)
 Temple: D:4-7

Altars:
Elyvilon
Fedhas
Kikubaaqudgha
Ru
Trog
Vehumet
The Shining One

Shops:
D:4 [

Annotations:
D:4 Pikel


Innate Abilities, Weirdness & Mutations

You are immune to sickness and miasma.
Your stone body is resilient. (AC +4)
You are immune to poison.
You resist negative energy. (rN+)
You are resistant to electric shocks. (rElec)
You are resistant to unholy torment.
You are immune to petrification.


Message History

You miss the lemure.
The lemure is heavily wounded.
You hit Pikel. The lemure hits you! Pikel barely misses you.
You are too injured to fight recklessly!
You are too injured to fight recklessly!
You are too injured to fight recklessly!
You are too injured to fight recklessly!
You are too injured to fight recklessly!
You are too injured to fight recklessly!
You are too injured to fight recklessly!
Unknown command.
You hit Pikel.
Pikel is moderately wounded.
You slash the lemure! The lemure hits you but does no damage.
Pikel hits you with a +2 whip of freezing.
Pikel freezes you. You block the lemure's attack. Pikel barely misses you.
Unknown command.
You barely miss Pikel.
Pikel is moderately wounded.
You barely miss the lemure. You block the lemure's attack.
Pikel hits you with a +2 whip of freezing!
* * * LOW HITPOINT WARNING * * *
Pikel freezes you.
* * * LOW HITPOINT WARNING * * *
You feel better. The lemure hits you but does no damage.
Pikel completely misses you.
You feel better. You block the lemure's attack.
Pikel hits you with a +2 whip of freezing!
* * * LOW HITPOINT WARNING * * *
Pikel freezes you.
* * * LOW HITPOINT WARNING * * *
You hit Pikel.
Pikel is heavily wounded.
You slash the lemure!
You kill the lemure!
That felt strangely unrewarding.
You block Pikel's attack.
You hit Pikel.
Pikel is heavily wounded.
Pikel hits you with a +2 whip of freezing!
You die...

####### #..#..#
#..#..#
####'###'####
********
#..††...@K5.#
*,,,,,,,
#..#.....#5?#
*,******
####.....#*## *,*
#..#.....#,,* *,*
#..#.....#,,* *,*
##'####'####'##
*,*
##.............#*
#.*
#...............*
#.#
#...............*
#.#


You could see Pikel and 2 lemures.

Vanquished Creatures
  Grinder (D:4)
  A centaur (D:4)
  A lemure (D:4)
  A phantom (D:2)
  A scorpion (D:4)
  2 jellies (D:4)
  An iguana (D:4)
  Ijyb (D:4)
  An orc wizard (D:3)
  A hound skeleton (D:4)
  Robin (D:4)
  6 adders
  A white imp (D:3)
  A worm (D:3)
  6 dart slugs
  5 orcs
  3 bats
  2 endoplasms (D:1)
  4 giant cockroaches
  18 goblins
  13 hobgoblins
  3 jackals (D:1)
  2 quokkas (D:1)
  8 ball pythons
  7 frilled lizards
  5 rats
96 creatures vanquished.

Vanquished Creatures (collateral kills)
  An adder (D:2)
  2 rats (D:2)
3 creatures vanquished.

Vanquished Creatures (others)
  3 toadstools (D:4)
3 creatures vanquished.

Grand Total: 102 creatures vanquished

Notes
Turn   | Place    | Note
-------+----------+-------------------------------------------
     0 | D:1      | bande the Gargoyle Fighter began the quest for the Orb.
     0 | D:1      | Reached XP level 1. HP: 14/14 MP: 1/1
   109 | D:1      | Reached skill level 2 in Axes
   126 | D:1      | Reached XP level 2. HP: 19/19 MP: 2/2
   377 | D:1      | Reached XP level 3. HP: 23/23 MP: 3/3
  1545 | D:2      | Found a faded altar of an unknown god.
  1608 | D:2      | Found a radiant altar of Vehumet.
  1634 | D:2      | Reached XP level 4. HP: 29/29 MP: 4/4
  1652 | D:2      | Noticed a phantom
  1665 | D:2      | Killed a phantom
  1666 | D:2      | Reached skill level 3 in Axes
  1666 | D:2      | Reached XP level 5. HP: 10/33 MP: 5/5
  2428 | D:3      | Found a white marble altar of Elyvilon.
  3063 | D:3      | Found a blossoming altar of Fedhas.
  3237 | D:4      | Reached skill level 4 in Axes
  3237 | D:4      | Reached XP level 6. HP: 26/39 MP: 6/6
  3366 | D:3      | Found a bloodstained altar of Trog.
  3366 | D:3      | Found a glowing golden altar of the Shining One.
  3366 | D:3      | Found a sacrificial altar of Ru.
  3366 | D:3      | Found an ancient bone altar of Kikubaaqudgha.
  3528 | D:4      | Noticed Ijyb
  3541 | D:4      | Killed Ijyb
  3686 | D:4      | Reached XP level 7. HP: 23/44 MP: 7/7
  3901 | D:4      | Found Keato's Armour Shop.
  3903 | D:4      | Noticed Grinder
  3914 | D:4      | Paralysed by Grinder for 4 turns
  3921 | D:4      | Paralysed by Grinder for 3 turns
  3934 | D:4      | Killed Grinder
  3935 | D:4      | Reached skill level 5 in Axes
  4458 | D:4      | Noticed Robin
  4467 | D:4      | Killed Robin
  4730 | D:4      | Noticed Pikel
  4744 | D:4      | Slain by Pikel

Illustrated notes

Levels and vault maps discovered:
D:1:      lightli_arrival_lavapool, layout_basic
D:2:      layout_rooms, basic_altar, ebering_ecumenical_altar_hall, st_stairs_14
D:3:      layout_rooms, nicolae_overflow_crystal_walls,
          mainiacjoe_overflow_brackets, nicolae_overflow_hidden_temple
D:4:      layout_loops_ring, ebering_ghost_reflecting_pool, serial_shops,
          nicolae_shop_statue_plus, kennysheep_little_box,
          chequers_serial_rivers_small_a, minmay_gold_behind_fungi,
          minmay_snake_closets, uniq_grinder, uniq_robin, uniq_ijyb, uniq_pikel

Skill      XL: |  1  2  3  4  5  6  7 |
---------------+----------------------+-----
Axes           | 2 3 4 5 |  5.7
Fighting       | 4 |  4.9
Shields        | 4 |  4.7
Armour         | 4 |  4.8

Action                   |  1- 3 |  4- 6 |  7- 9 || total
-------------------------+-------+-------+-------++-------
Melee: War axe           |   111 |   125 |    91 ||   327
  Use: Scroll            |     5 |     5 |     2 ||    12
       Potion            |       |     1 |     4 ||     5
Armor: Scale mail        |    40 |       |       ||    40
       Chain mail        |     5 |    57 |    48 ||   110
Dodge: Dodged            |    72 |    54 |    39 ||   165
Block: Buckler           |    33 |    29 |       ||    62
       Kite shield       |       |       |    43 ||    43

Table legend: (Time is in decaauts)
 A = Elapsed time spent in this place.
 B = Non-inter-level travel time spent in this place.
 C = Inter-level travel time spent in this place.
 D = Time resting spent in this place.
 E = Time spent auto-exploring this place.
 F = Levels seen in this place.
 G = Mean time per level.
                   A        B        C        D        E       F      G
               +--------+--------+--------+--------+--------+-----+--------+
         Total |   4873 |   4873 |      0 |   1549 |   2347 |   4 | 1218.2 |
       Dungeon |   4873 |   4873 |      0 |   1549 |   2347 |   4 | 1218.2 |
               +--------+--------+--------+--------+--------+-----+--------+

Top non-repeatable levels by time:
     D:4: 1545 daAuts
     D:1: 1501 daAuts
     D:2: 960 daAuts
     D:3: 866 daAuts
